AoeStats
← General Disarray

Arena

509731691Analyzed
3v3 RM · 5d ago on Sep 27, 2026· 42m 6s· 6 players
Game mode
Random Map
Map size
Normal (6 player)
Population
200
Speed
Normal
Resources
Standard
Victory
Conquest
Starting age
Dark Age
Ending age
Imperial Age
RankedLock teamsTeams togetherTeam positionsShared explorationLock speedFull tech treeHidden civsTurbo modeCheats
Victory
Defeat
🇦🇷 Magyars · Argentina
694
+16
🇦🇷 Cumans · Argentina
670
+17
🇦🇷 Wu · Argentina
662
+17
🇬🇧 Spanish · United Kingdom
799
-58
🇬🇧 Britons · United Kingdom
686
-17
🇬🇧 Franks · United Kingdom
593
-27
benjaminmarquinez
12:32 Feudal Age
16:30 Man-at-Arms
18:34 Loom
22:24 Wheelbarrow
21:35 Town Watch
25:52 Castle Age
24:49 Horse Collar
25:00 Double-Bit Axe
28:24 Pikeman
29:05 Squires
28:27 Long Swordsman
29:45 Capped Ram
31:05 Bloodlines
42:55 Imperial Age
42:02 Elite Skirmisher
42:47 Thumb Ring
pagetmelina016
2:12 Loom
15:21 Feudal Age
16:44 Wheelbarrow
15:53 Horse Collar
16:03 Double-Bit Axe
16:12 Gold Mining
16:14 Stone Mining
20:03 Bloodlines
22:04 Scale Barding Armor
24:04 Castle Age
24:13 Fletching
25:05 Hand Cart
25:04 Bow Saw
24:57 Heavy Plow
25:35 Gold Shaft Mining
25:28 Husbandry
25:10 Light Cavalry
26:46 Padded Archer Armor
27:07 Chain Barding Armor
28:29 Corvinian Army
29:47 Elite Skirmisher
30:09 Pikeman
30:36 Arson
30:33 Man-at-Arms
31:43 Scale Mail Armor
31:39 Bodkin Arrow
32:45 Leather Archer Armor
31:55 Long Swordsman
32:53 Chain Mail Armor
33:55 Thumb Ring
40:26 Imperial Age
42:10 Two-Man Saw
40:46 Cavalier
40:52 Two-Handed Swordsman
42:42 Chemistry
41:38 Murder Holes
41:25 Treadmill Crane
41:36 Heated Shot
42:07 Ballistics
benjaminmarquinez7
14:59 Feudal Age
16:21 Horse Collar
16:30 Double-Bit Axe
20:13 Castle Age
20:22 Stone Mining
20:22 Gold Mining
21:33 Husbandry
22:34 Heavy Plow
26:08 Red Cliffs Tactics
27:03 Wheelbarrow
26:44 Bow Saw
30:36 Hand Cart
31:14 Devotion
32:15 Treadmill Crane
36:07 Imperial Age
34:31 Fletching
34:42 Padded Archer Armor
34:48 Scale Barding Armor
34:45 Scale Mail Armor
37:07 Elite Fire Archer
39:07 Gold Shaft Mining
39:08 Stone Shaft Mining
40:22 Coinage
41:52 Chemistry
41:13 Ballistics
41:58 Town Watch
42:00 Loom
42:40 Chain Barding Armor
42:31 Forging
42:37 Chain Mail Armor
42:38 Leather Archer Armor
General Disarray
4:41 Loom
12:39 Feudal Age
14:13 Double-Bit Axe
18:19 Castle Age
16:29 Scale Barding Armor
16:35 Forging
32:30 Bow Saw
35:42 Wheelbarrow
35:12 Gold Mining
35:13 Stone Mining
35:15 Horse Collar
Casper VIII
11:05 Feudal Age
11:37 Horse Collar
11:44 Double-Bit Axe
17:28 Wheelbarrow
16:50 Town Watch
19:16 Castle Age
26:58 Wheelbarrow
26:18 Stone Mining
32:20 Imperial Age
31:14 Bow Saw
31:07 Heavy Plow
31:32 Gold Mining
35:58 Pikeman
42:31 Fletching
ghoward20
10:54 Feudal Age
12:41 Double-Bit Axe
19:48 Castle Age
21:21 Scale Barding Armor
Connection lost

Rejoining the realm…

Still unreachable

The connection could not be restored.

Session expired

The server has moved on; the page needs a fresh start.